 Dungeon Crawl Stone Soup version 0.21-a0-51-gea492e9 (webtiles) character file.

366 glosham the Sneak (level 6, -4/51 HPs)
             Began as a Gnoll Abyssal Knight on June 12, 2017.
             Was a Believer of Lugonu.
             Slain by an orc priest
             ... wielding a +0 flail
              (6 damage)
             ... on level 4 of the Dungeon.
             The game lasted 00:44:13 (3628 turns).

glosham the Sneak (Gnoll Abyssal Knight)            Turns: 3628, Time: 00:44:14

Health: -4/51      AC:  6    Str: 11    XL:     6   Next: 68%
Magic:  8/8        EV: 11    Int: 14    God:    Lugonu [**....]
Gold:   219        SH:  0    Dex: 14    Spells: 5/5 levels left

rFire    . . .     SeeInvis .     - Unarmed
rCold    . . .     Gourm    .   (no shield)
rNeg     . . .     Faith    .   X - +1 ring mail
rPois    .         Spirit   .   (no helmet)
rElec    .         Reflect  .   (no cloak)
rCorr    .         Harm     .   (no gloves)
MR       .....                  (no boots)
Stlth    +++.......             (no amulet)
Regen    0.2/turn               A - +2 ring of slaying
MPRegen  0.2/turn               (no ring)

@: no status effects
A: short attention span, fangs 1, strong nose
a: Depart the Abyss, Bend Space, Renounce Religion


You were on level 4 of the Dungeon.
You worshipped Lugonu.
Lugonu was pleased with you.
You were not hungry.

You visited 1 branch of the dungeon, and saw 5 of its levels.
You visited the Abyss 1 time.

You collected 219 gold pieces.

Inventory:

Hand Weapons
 b - a +0 blowgun
 e - a +3 morningstar
 o - a +0 quarterstaff
 w - a +1 dagger of speed
 y - a +1 dagger of draining
 B - a +0 trident
 D - a +2 falchion of protection
Missiles
 l - 23 arrows
 n - 132 stones (quivered)
 p - 63 bolts
 v - 14 poisoned needles
 C - 24 sling bullets
Armour
 X - a +1 ring mail (worn)
Jewellery
 x - a cursed ring of teleportation {unknown}
 A - a +2 ring of slaying (left hand)
Wands
 g - a wand of digging (10/24)
 h - a wand of acid (6/15)
 i - a wand of polymorph (13/24)
Scrolls
 z - 2 scrolls of amnesia
Potions
 d - 2 potions of invisibility {unknown}
 j - 2 potions of berserk rage {!q}
 k - 2 potions of mutation {!q}
 m - a potion of brilliance {unknown}
 q - 3 potions of resistance
 s - a potion of lignification {unknown}
 t - 3 potions of curing
 u - a potion of cancellation
 E - a potion of flight {unknown}
Comestibles
 a - 5 bread rations
 c - 5 meat rations
 f - 2 chunks of flesh
 r - 7 fruits


   Skills:
 - Level 5.0 Fighting
 - Level 3.2 Armour
 * Level 1.7 Dodging
 - Level 7.2 Stealth
 - Level 6.3 Unarmed Combat
 - Level 3.0 Invocations
 - Level 2.5 Evocations


You had 5 spell levels left.
You didn't know any spells.

Dungeon Overview and Level Annotations

Branches:
Dungeon (5/15)             Temple (0/1) D:5

Altars:
Fedhas
Qazlal
Ru
Trog


Innate Abilities, Weirdness & Mutations

You have a short attention span.
You have very sharp teeth.
Your uncanny sense of smell can sniff out nearby items.


Message History

You climb upwards.
There is a stone staircase leading down here.
You hit the orc.
The orc is almost dead.
The orc closely misses you.
You barely miss the orc.
The orc is almost dead.
The orc hits you but does no damage.
You completely miss the orc.
The orc is almost dead.
You barely miss the orc. You bite the orc.
You kill the orc!
Lugonu accepts your kill.
You climb downwards.
The orc priest shouts!
The orc priest invokes the aid of Beogh against you.
Beogh smites you!
There is a stone staircase leading up here.
The orc priest invokes the aid of Beogh against you.
You barely resist.
The orc priest miscasts a cantrip.
The orc priest invokes the aid of Beogh against you.
Beogh smites you!
The orc priest calls down the wrath of Beogh upon you.
Pain shoots through your body!
The orc priest begins to cast a cantrip, but forgets the words!
The orc priest mumbles some strange prayers to Beogh against you.
Beogh smites you!
* * * LOW HITPOINT WARNING * * *
The orc priest hits you with a flail!
* * * LOW HITPOINT WARNING * * *
You climb upwards.
There is a stone staircase leading down here.
Evoke which item? (* to show all) (? for menu, Esc to quit)
Aiming: Corrosive Bolt
Press: ? - help, Shift-Dir - straight line, f - orc priest
Aim: an orc priest, wielding a flail The bolt of acid misses the orc priest.
This wand has 6 charges left.
The orc priest hits you with a flail.
You die...

#.........)...........#.## #
##.###..............#.#.# ## ###
#..##..............#.#.# #. ..#
##.##..................####. ..##
#..#.......................
...####.....................#####
........................#.....# #
................[.......#...#.#
....###.........@o.....##.....#
.................).....#....###
........####.....#.......#.)..#
..#####.###..............##)..#
..##........#..........#...)..#
####.##.#..............#.#....#
#..#....####.#..#...^#.##...#
##....#..)###.#.........##...#
#..........#..##.#....####...#


You could see an orc priest.

Vanquished Creatures
  2 small abominations (Abyss:2)
  A bullfrog zombie (D:5)
  A gnoll shaman (D:4)
  3 gnolls (D:4)
  An adder (D:2)
  2 oozes
  An adder skeleton (D:4)
  2 worms
  A dart slug (D:3)
  2 leopard geckos (D:1)
  6 orcs
  9 giant cockroaches
  10 goblins
  5 hobgoblins
  3 jackals (D:1)
  A quokka (D:2)
  A ball python (D:4)
  7 bats
  4 frilled lizards
  9 kobolds
  A leopard gecko skeleton (D:4)
  A quokka skeleton (D:4)
  13 rats
86 creatures vanquished.

Notes
Turn   | Place    | Note
-------+----------+-------------------------------------------
     0 | Abyss:1  | glosham the Gnoll Abyssal Knight began the quest for the Orb.
     0 | Abyss:1  | Reached XP level 1. HP: 20/20 MP: 3/3
   120 | Abyss:2  | Noticed a wretched star
   120 | Abyss:2  | Noticed a small abomination
   126 | Abyss:2  | Noticed a small abomination
   131 | Abyss:2  | Killed a small abomination
   131 | Abyss:2  | Reached skill level 6 in Stealth
   131 | Abyss:2  | Reached XP level 2. HP: 26/26 MP: 4/4
   131 | Abyss:2  | Reached XP level 3. HP: 32/32 MP: 5/5
   131 | Abyss:2  | Reached XP level 4. HP: 38/38 MP: 6/6
   151 | Abyss:2  | Killed a small abomination
   151 | Abyss:2  | Reached skill level 7 in Stealth
   151 | Abyss:2  | Reached XP level 5. HP: 23/43 MP: 7/7
   152 | Abyss:2  | Noticed a smoke demon
   166 | Abyss:3  | Noticed a chaos spawn
   265 | Abyss:3  | Noticed a smoke demon
   265 | Abyss:3  | Noticed an unseen horror
   265 | Abyss:3  | Noticed a small abomination
   268 | Abyss:3  | Noticed an eidolon
   269 | Abyss:3  | Noticed a neqoxec
   269 | D:1      | Escaped the Abyss
   351 | D:1      | Reached * piety under Lugonu
   535 | D:1      | Reached skill level 4 in Unarmed Combat
  1291 | D:2      | Found a bloodstained altar of Trog.
  1947 | D:3      | Reached skill level 5 in Unarmed Combat
  1989 | D:3      | Reached XP level 6. HP: 50/50 MP: 8/8
  2004 | D:3      | Reached skill level 1 in Evocations
  2209 | D:3      | Found a sacrificial altar of Ru.
  2233 | D:3      | Reached ** piety under Lugonu
  2773 | D:4      | Found a stormy altar of Qazlal.
  2773 | D:4      | Found a blossoming altar of Fedhas.
  3140 | D:4      | Reached skill level 6 in Unarmed Combat
  3140 | D:4      | Reached skill level 2 in Evocations
  3284 | D:5      | Entered Level 5 of the Dungeon
  3328 | D:5      | Found a staircase to the Ecumenical Temple.
  3348 | D:5      | Noticed a necrophage
  3533 | D:4      | Reached skill level 5 in Fighting
  3626 | D:5      | HP: 2/51 [orc priest/flail (10)]
  3628 | D:4      | Slain by an orc priest

Vault maps used:
D:1:      moated_graveyard_arrival
D:2:      bloody_trog, first_bread
D:3:      nicolae_overflow_crystal_walls, minmay_ruptured
D:4:      grunt_temple_overflow_forces_of_nature, minmay_misc_feat_secret_circle
D:5:      minmay_temple_entry_glass, evilmike_ruin_ashenzari, uniq_blork_the_orc
Abyss:2:  hangedman_abyss_or_decor_lesser_grid
Abyss:3:  gammafunk_abyss_rune_reverse_zot

Skill      XL: |  1  2  3  4  5  6 |
---------------+-------------------+-----
Stealth        | 6 7 |  7.2
Unarmed Combat | 5 6 |  6.3
Evocations     | 2 |  2.5
Fighting       | 5 |  5.0
Armour         | |  3.2
Dodging        | |  1.7
Invocations    | |  3.0

Action                   |  1- 3 |  4- 6 || total
-------------------------+-------+-------++-------
Melee: Unarmed           |       |   226 ||   226
       Bite              |       |    10 ||    10
       Punch             |       |     4 ||     4
Throw: Stone             |       |     3 ||     3
Invok: Depart the Abyss  |       |     1 ||     1
Evoke: Wand              |     1 |     4 ||     5
  Use: Potion            |       |     2 ||     2
       Scroll            |       |    13 ||    13
 Stab: Sleeping          |       |    29 ||    29
       Distracted        |       |     1 ||     1
  Eat: Chunk             |       |     9 ||     9
Armor: Ring mail         |       |    36 ||    36
       Leather armour    |       |     5 ||     5
Dodge: Dodged            |       |    86 ||    86

Table legend:
 A = Turns spent in this place as a percentage of turns spent in the entire game.
 B = Non-inter-level travel turns spent in this place as a percentage of non-inter-level travel turns spent in the entire game.
 C = Inter-level travel turns spent in this place as a percentage of turns spent in this place.
 D = Turns resting spent in this place as a percentage of non-inter-level travel turns spent in this place.
 E = Turns spent auto-exploring this place as a percentage of non-inter-level travel turns spent in this place.
 F = Non-inter-level travel turns spent in this place divided by the number of levels of this place that you've seen.
                   A       B       C       D       E      F
               +-------+-------+-------+-------+-------+----------------------
         Total | 100.0 | 100.0 |   0.7 |   0.5 |   0.7 | 267.0
       Dungeon |  88.8 |  88.8 |   0.8 |   0.3 |   0.8 | 379.2
         Abyss |  11.2 |  11.2 |   0.0 |   1.7 |   0.0 |  80.0
               +-------+-------+-------+-------+-------+----------------------

Table legend:
 A = Kills in this place as a percentage of kills in entire the game.
 B = Kills by you in this place as a percentage of kills by you in the entire game.
 C = Kills by friends in this place as a percentage of kills by friends in the entire game.
 D = Other kills in this place as a percentage of other kills in the entire game.
 E = Experience gained in this place as a percentage of experience gained in the entire game.
 F = Experience gained in this place divided by the number of levels of this place that you have seen.
                   A       B       C       D       E      F
               +-------+-------+-------+-------+-------+----------------------
         Total | 100.0 | 100.0 |  -nan |  -nan | 100.0 |  65.5
       Dungeon |  97.7 |  97.7 |  -nan |  -nan |  56.5 |  59.2
         Abyss |   2.3 |   2.3 |  -nan |  -nan |  43.5 |  76.0
               +-------+-------+-------+-------+-------+----------------------

Vault maps used:
D:1:      moated_graveyard_arrival
D:2:      bloody_trog, first_bread
D:3:      nicolae_overflow_crystal_walls, minmay_ruptured
D:4:      grunt_temple_overflow_forces_of_nature, minmay_misc_feat_secret_circle
D:5:      minmay_temple_entry_glass, evilmike_ruin_ashenzari, uniq_blork_the_orc
Abyss:2:  hangedman_abyss_or_decor_lesser_grid
Abyss:3:  gammafunk_abyss_rune_reverse_zot
